 Dungeon Crawl Stone Soup version 0.17-a0-2098-gf59d6bc (webtiles) character file.

4631 septik the Cleaver (level 10, 0/89 (91) HPs)
             Began as a Minotaur Berserker on Oct 17, 2015.
             Was a High Priest of Trog.
             Succumbed to a kobold's poison
             ... on level 9 of the Dungeon.
             The game lasted 00:34:07 (8823 turns).

septik the Cleaver (Minotaur Berserker)             Turns: 8823, Time: 00:34:08

HP:   0/89 (91)     AC: 13    Str: 23    XL:     10   Next: 19%
MP:   9/9           EV: 11    Int:  4    God:    Trog [*****.]
Gold: 523           SH:  0    Dex: 12    Spells: 0 memorised, 9 levels left

rFire  . . .     SeeInvis .     s - +1 great sword
rCold  . . .     Clarity  .     y - +1 scale mail
rNeg   . . .     SustAt   .     (no shield)
rPois  .         Gourm    .     (helmet restricted)
rElec  .         Spirit   .     I - +0 cloak
rCorr  .         Warding  .     x - +0 pair of gloves
rMut   .         Stasis   .     l - +0 pair of boots
MR     .....                    (no amulet)
Stlth  ..........               (no ring)
                                (no ring)

@: lethally poisoned (0 -> -7), not resistant to hostile enchantments, extremely
unstealthy
A: retaliatory headbutt, horns 2
a: Burn Spellbooks, Berserk, Trog's Hand, Brothers in Arms, Renounce Religion


You were on level 9 of the Dungeon.
You worshipped Trog.
Trog was extremely pleased with you.
You were hungry.

You visited 1 branch of the dungeon, and saw 10 of its levels.

You collected 523 gold pieces.

Inventory:

Hand Weapons
 a - a +0 hand axe
 e - a +2 dagger of venom
 h - a -3 war axe
 r - a +0 blowgun
 s - a +1 great sword (weapon)
 H - a +0 war axe
 T - a +3 whip of venom
Missiles
 f - 110 stones (quivered)
 t - 37 poisoned needles
Armour
 l - a +0 pair of boots (worn)
 x - a +0 pair of gloves (worn)
 y - a +1 scale mail (worn)
 I - a +0 cloak (worn)
 R - a +0 large shield
Jewellery
 d - an uncursed amulet of regeneration
 F - an uncursed ring of flight
Wands
 B - a wand of digging (12)
 G - a wand of lightning (7)
 N - a wand of magic darts (28)
 Q - a wand of confusion (20)
Scrolls
 b - a scroll of holy word
 g - 2 scrolls of fog
 m - 2 scrolls of magic mapping
 p - 11 scrolls of identify
 C - 2 scrolls of blinking
 E - a scroll of recharging
 M - 2 scrolls of enchant armour
 U - a scroll of teleportation
Potions
 i - a potion of resistance {unknown}
 j - 3 potions of heal wounds {unknown}
 k - 5 potions of curing
 n - a potion of flight {unknown}
 o - a potion of beneficial mutation {unknown}
 u - 2 potions of cure mutation {unknown}
 w - 2 potions of brilliance {unknown}
 A - a potion of invisibility {unknown}
 J - 2 potions of degeneration {unknown}
 L - 2 potions of mutation {unknown}
 O - 2 potions of poison {unknown}
 P - 2 potions of ambrosia {unknown}
Comestibles
 c - 3 bread rations
 q - 29 fruits
 v - a slice of pizza
 z - 3 meat rations
 D - 2 beef jerkies


   Skills:
 + Level 9.5 Fighting
 * Level 12.7 Axes
 + Level 9.4 Armour
 - Level 2.1 Dodging


You had 9 spell levels left.
You didn't know any spells.

Dungeon Overview and Level Annotations

Branches:
Dungeon (10/15)            Temple (0/1) D:6            Lair (0/8) D:9
    Orc: D:9-12

Altars:
Cheibriados
Dithmenos
Fedhas
Gozag
Kikubaaqudgha
Makhleb
Nemelex Xobeh
Trog
Vehumet
Xom
Zin
The Shining One


Innate Abilities, Weirdness & Mutations

You reflexively headbutt those who attack you in melee.
You have a pair of horns on your head.


Message History

You are poisoned.
You see here a poisoned needle.
You feel sick. Something hits you but does no damage. Something hits you!
* * * LOW HITPOINT WARNING * * *
The kobold shoots a poisoned needle.
The poisoned needle hits you!
You are lethally poisoned!
You see here a poisoned needle.
* * * LOW HITPOINT WARNING * * *
You feel sick. Something hits you but does no damage.
* * * LOW HITPOINT WARNING * * *
You feel sick. Something hits you but does no damage.
* * * LOW HITPOINT WARNING * * *
You feel sick. Something hits you.
* * * LOW HITPOINT WARNING * * *
There is a stone staircase leading up, spattered with blood here.
* * * LOW HITPOINT WARNING * * *
You feel sick. Something hits you.
* * * LOW HITPOINT WARNING * * *
You climb upwards.
You die...

###..............))....#......#..
#................).....#(.....#..
#####..............)†..#'####'#..
#........(..........[........
##...............#..##.......
#......#######..##.##.......
#......#...#######.#######..
#......#..##...##...##...##.
#......#..#@.♣.['.♣....♣.<#.
#......#..##...##...##...##.
#......#...#######'#########
#.....##.....##.##.##.#.....
#.....#.......#.#...#.#.....
######.....#.......#.#.♣.#.##'#..
...........#.......#.#...#....#..
...........#.......#.##<####..#..
...........#.......'.#### #..###


There were no monsters in sight!

Vanquished Creatures
  A cyclops (D:9)
  A two-headed ogre (D:8)
  Eustachio (D:4)
  A black bear (D:4)
  Duvessa (D:7)
  An ice beast (D:7)
  A sky beast (D:7)
  4 necrophages (D:9)
  A centaur (D:9)
  An orc warrior (D:6)
  5 ogres
  2 big kobolds
  2 crocodiles
  Blork the orc (D:5)
  Dowan (D:7)
  6 giant frogs
  4 scorpions
  5 wights (D:9)
  7 crimson imps
  A jelly (D:6)
  2 hounds
  A giant frog zombie (D:9)
  A giant frog skeleton (D:9)
  Crazy Yiuf (D:7)
  6 orc priests
  4 orc wizards
  9 worker ants
  An iguana (D:10)
  A killer bee zombie (D:8)
  Robin (D:3)
  3 gnolls
  6 adders
  2 shadow imps
  An adder zombie (D:9)
  2 oozes
  2 worms
  A giant gecko (D:3)
  15 orcs
  7 giant cockroaches
  19 goblins
  9 hobgoblins
  9 jackals
  5 quokkas
  6 bats
  6 giant newts
  A goblin zombie (D:4)
  4 hobgoblin zombies (D:4)
  17 kobolds
  A kobold skeleton (D:4)
  2 kobold zombies (D:4)
  2 orc skeletons (D:4)
  3 orc zombies (D:4)
  A quokka skeleton (D:8)
  A quokka zombie (D:9)
  5 rats
  A bush (D:9)
205 creatures vanquished.

Vanquished Creatures (collateral kills)
  2 hungry ghosts (D:9)
2 creatures vanquished.

Vanquished Creatures (others)
  A bat (D:3)
  A bush (D:9)
  10 plants (D:9)
12 creatures vanquished.

Grand Total: 219 creatures vanquished

Notes
Turn   | Place    | Note
--------------------------------------------------------------
     0 | D:1      | septik the Minotaur Berserker began the quest for the Orb.
     0 | D:1      | Reached XP level 1. HP: 19/19 MP: 0/0
   695 | D:1      | Reached skill level 4 in Axes
   716 | D:2      | Found a shadowy altar of Dithmenos.
   764 | D:2      | Reached XP level 2. HP: 17/27 MP: 1/1
   840 | D:2      | Reached ** piety under Trog
  1031 | D:2      | Found a snail-covered altar of Cheibriados.
  1139 | D:2      | Found an opulent altar of Gozag.
  1139 | D:2      | Found a bloodstained altar of Trog.
  1274 | D:2      | Reached XP level 3. HP: 23/33 MP: 2/2
  1750 | D:3      | Noticed an angel
  2038 | D:3      | Reached XP level 4. HP: 24/40 MP: 3/3
  2039 | D:3      | Found a glowing silver altar of Zin.
  2052 | D:3      | Found a shimmering altar of Xom.
  2099 | D:3      | Noticed Robin
  2099 | D:3      | Reached skill level 5 in Axes
  2106 | D:3      | Killed Robin
  2116 | D:3      | Reached *** piety under Trog
  2599 | D:3      | Reached XP level 5. HP: 42/47 MP: 4/4
  3096 | D:3      | Found a radiant altar of Vehumet.
  3274 | D:4      | Noticed Eustachio
  3285 | D:4      | Killed Eustachio
  3285 | D:4      | Reached skill level 5 in Fighting
  3285 | D:4      | Reached skill level 6 in Axes
  3285 | D:4      | Reached XP level 6. HP: 54/56 MP: 5/5
  3429 | D:4      | Found an ancient bone altar of Kikubaaqudgha.
  3463 | D:4      | Found a glowing golden altar of the Shining One.
  3467 | D:4      | Reached skill level 5 in Armour
  3642 | D:4      | Reached skill level 7 in Axes
  3657 | D:4      | Reached XP level 7. HP: 33/61 MP: 6/6
  3662 | D:4      | Reached **** piety under Trog
  3693 | D:4      | Noticed a black bear
  3699 | D:4      | Killed a black bear
  4169 | D:5      | Entered Level 5 of the Dungeon
  4169 | D:5      | Found a burning altar of Makhleb.
  4643 | D:5      | Found a sparkling altar of Nemelex Xobeh.
  4684 | D:5      | Noticed Blork the orc
  4703 | D:5      | Killed Blork the orc
  4703 | D:5      | Reached skill level 8 in Axes
  4895 | D:6      | Reached XP level 8. HP: 62/71 MP: 7/7
  5155 | D:6      | Reached skill level 9 in Axes
  5233 | D:6      | Found a staircase to the Ecumenical Temple.
  5576 | D:7      | Noticed Crazy Yiuf
  5580 | D:7      | Killed Crazy Yiuf
  5782 | D:7      | Reached skill level 10 in Axes
  6274 | D:7      | Reached XP level 9. HP: 65/81 MP: 8/8
  6354 | D:7      | Noticed Dowan
  6354 | D:7      | Noticed Duvessa
  6364 | D:7      | Killed Duvessa
  6371 | D:7      | Killed Dowan
  6790 | D:8      | Reached skill level 11 in Axes
  6969 | D:8      | Reached ***** piety under Trog
  7710 | D:9      | Found a staircase to the Lair.
  7770 | D:9      | Reached skill level 12 in Axes
  7954 | D:9      | Noticed a cyclops
  7961 | D:9      | Killed a cyclops
  8127 | D:9      | Found a blossoming altar of Fedhas.
  8205 | D:9      | Reached XP level 10. HP: 58/90 MP: 9/9
  8494 | D:10     | Entered Level 10 of the Dungeon
  8821 | D:10     | HP: 3/89 [something (5)]
  8822 | D:10     | HP: 1/89 [something (1)]
  8823 | D:9      | Succumbed to a kobold's poison

Vault maps used:
D:1:      lightli_arrival_boilingwater, serial_curves, eino_curves_03,
          eino_curves_01, eino_curves_03
D:2:      overflow_temple_1_default, amethyst_overflow_temple_binary,
          lemuel_doored_altar, first_bread
D:3:      grunt_temple_overflow_order_and_chaos_1, fiery_altar_vehumet,
          uniq_robin
D:4:      nicolae_overflow_crystal_walls, nicolae_tso_besieged_by_evil,
          uniq_eustachio
D:5:      old_standard_altar, lemuel_crystal_altar, uniq_blork_the_orc
D:6:      minmay_temple_entry_statues, nrook_mini_backslash
D:7:      kennysheep_generic_room_9, uniq_duvessa, uniq_crazy_yiuf_cottage
D:8:      blue_anna_alchemist
D:9:      fedhas_altar_decomposition, lair_0_dummy, grunt_ministairs_5

Action                   |  1- 3 |  4- 6 |  7- 9 | 10-12 || total
-------------------------+-------+-------+-------+-------++-------
Melee: Dagger            |    72 |   158 |    83 |       ||   313
       Hand axe          |     5 |       |   111 |       ||   116
       War axe           |       |       |   203 |       ||   203
       Whip              |       |       |       |    54 ||    54
       Great sword       |       |       |       |    31 ||    31
Throw: Stone             |     2 |       |     1 |       ||     3
Invok: Berserk           |       |     3 |     4 |       ||     7
       Brothers in Arms  |       |       |     2 |       ||     2
       Burn Spellbooks   |       |       |     1 |       ||     1
  Use: Scroll            |       |     7 |     9 |     1 ||    17
 Stab: Sleeping          |     1 |       |       |       ||     1
  Eat: Chunk             |     1 |     6 |    16 |     1 ||    24
       Bread ration      |     1 |       |     3 |       ||     4
       Meat ration       |       |       |     1 |       ||     1
